 Dungeon Crawl Stone Soup version 0.18-a0-1577-gf591c28 (webtiles) character file.

74 Duffy the Skirmisher (level 4, -1/24 HPs)
             Began as a Vine Stalker Berserker on Mar 19, 2016.
             Was a Believer of Trog.
             Succumbed to an adder's poison
             ... on level 2 of the Dungeon.
             The game lasted 00:01:29 (1504 turns).

Duffy the Skirmisher (Vine Stalker Berserker)       Turns: 1504, Time: 00:01:29

Health: -1/24      AC:  3    Str: 20    XL:     4   Next: 28%
Magic:  0/5        EV: 12    Int:  8    God:    Trog [**....]
Gold:   43         SH:  0    Dex: 13    Spells: 0 memorised, 3 levels left

rFire  . . .     SeeInvis .     a - +0 short sword
rCold  . . .     Gourm    .     n - +0 leather armour (curse)
rNeg   . . .     Faith    .     (no shield)
rPois  .         Spirit   +     (no helmet)
rElec  .         Dismiss  .     (no cloak)
rCorr  .         Reflect  .     (no gloves)
SustAt .         Harm     .     (no boots)
MR     .....                    (no amulet)
Stlth  +.........               (no ring)
                                (no ring)

@: lethally poisoned (-1 -> -18), not resistant to hostile enchantments, very
unstealthy
A: fangs 2, regeneration 1, magic shield, antimagic bite, no device heal 3, rot
immunity
a: Berserk, Trog's Hand, Burn Spellbooks, Renounce Religion


You were on level 2 of the Dungeon.
You worshipped Trog.
Trog was pleased with you.
You were not hungry.

You visited 1 branch of the dungeon, and saw 2 of its levels.

You collected 43 gold pieces.


Innate Abilities, Weirdness & Mutations

You have extremely sharp teeth.
Your natural rate of healing is unusually fast.
When hurt, damage is shared between your health and your magic reserves.
Your bite disrupts and absorbs the magic of your enemies.
Potions and wands cannot restore your health.
You are immune to rotting.


   Skills:
 + Level 3.5 Fighting
 + Level 3.2 Short Blades
 - Level 1.5 Armour
 + Level 2.4 Dodging


You had 3 spell levels left.
You didn't know any spells.

Inventory:

Hand Weapons
 a - a +0 short sword (weapon)
Armour
 b - a +0 animal skin
 n - a cursed +0 leather armour (worn)
Scrolls
 e - 3 scrolls of identify {unknown}
 f - a scroll of magic mapping {unknown}
 g - a scroll of enchant weapon {unknown}
 h - a scroll of remove curse {unknown}
 k - a scroll of enchant armour {unknown}
 m - a scroll of fog {unknown}
 p - a scroll of fear {unknown}
Potions
 i - 2 potions of degeneration {unknown}
 j - a potion of cure mutation {unknown}
 o - a potion of heal wounds {unknown}
 q - 2 potions of curing {unknown}
Comestibles
 c - 3 bread rations
 d - 2 meat rations
 l - a slice of pizza
 r - a chunk of flesh

Dungeon Overview and Level Annotations

Branches:
Dungeon (2/15)

Altars:


Message History

You are too injured to fight recklessly!
You are too injured to fight recklessly!
You are too injured to fight recklessly!
You are too injured to fight recklessly!
You are too injured to fight recklessly!
You are too injured to fight recklessly!
You are too injured to fight recklessly!
You are too injured to fight recklessly!
You are too injured to fight recklessly!
You are too injured to fight recklessly!
You are too injured to fight recklessly!
You hit the adder.
The adder is almost dead.
You feel sick. The adder bites you.
You are lethally poisoned!
The adder poisons you! The adder closely misses you.
You barely miss the adder.
The adder is almost dead.
You feel sick. The adder bites you.
You are more poisoned.
The adder poisons you!
You hit the adder but do no damage. Your bite misses the adder.
The adder is almost dead.
You feel sick. The adder bites you.
You are more poisoned.
The adder poisons you!
You hit the adder. Your bite misses the adder.
The adder is almost dead.
You feel sick. The adder closely misses you.
You hit the adder but do no damage.
The adder is almost dead.
You feel sick. The adder bites you.
You barely miss the adder.
The adder is almost dead.
You die...

.......##........#
...................
#.#...#.##.#.......
#.#..#..##...####..
#.#..###>.##.##....
#.#...##..##.##.#..
#.#.#...##.........
..####.....#.##.#.......
......S@....%...........
######.#.##.............
#...##..####.##....
.....###.# .##....
#####.# #.# #.... #.#
#.. #.... #.#
##.###.##.... ...
........... .........


You could see an adder.

Action                   |  1- 3 |  4- 6 || total
-------------------------+-------+-------++-------
Melee: Short sword       |    97 |    38 ||   135
 Stab: Sleeping          |     2 |       ||     2
  Eat: Chunk             |       |     2 ||     2

Notes
Turn   | Place    | Note
--------------------------------------------------------------
     0 | D:1      | Duffy the Vine Stalker Berserker began the quest for the Orb.
     0 | D:1      | Reached XP level 1. HP: 11/11 MP: 2/2
   113 | D:1      | Reached XP level 2. HP: 16/16 MP: 3/3
   245 | D:1      | Reached skill level 2 in Dodging
   278 | D:1      | Reached skill level 3 in Fighting
   352 | D:1      | Reached skill level 3 in Short Blades
   809 | D:2      | Reached XP level 3. HP: 15/20 MP: 2/4
   923 | D:2      | Reached ** piety under Trog
  1163 | D:2      | Reached XP level 4. HP: 24/24 MP: 5/5
  1504 | D:2      | Succumbed to an adder's poison

Vault maps used:
D:1:      zaba_arrival_water, hangedman_decor_diamond_cutter
D:2:      first_bread, ecumenical_altar_2, st_stairs_7

Vanquished Creatures
  3 adders
  An ooze
  3 worms
  2 giant cockroaches
  8 goblins
  6 hobgoblins
  5 bats
  2 giant newts
  3 kobolds
  3 rats
36 creatures vanquished.
